Map: Lost and Found LE

Players

Daydreamer - Winner!

  • Race: Protoss Protoss
  • Spawn Location: 1:00

cloudy

  • Race: Protoss Protoss
  • Spawn Location: 7:00

Event: WCS Montreal 2018

VOD

Have the link to the VOD?

Description

Time

  • Played on: Sept. 7, 2018, 12:20 p.m.
  • Length: 3:50

All games in this series

Show
View Real Time Build Order
Export as new Build Order

Daydreamer Protoss - Winner!

Build Orders:  

Get SALT Encoding   

  1  0:00  Probe  
  12  0:04  Probe  
  14  0:17  Pylon  
  14  0:22  Probe  
  15  0:35  Probe  
  15  0:38  Forge  
  16  1:05  Pylon  
  16  1:08  Pylon  
  16  1:09  Pylon  
  16  1:16  Pylon  
  16  1:21  Pylon  
  16  1:23  Photon Cannon  
  16  1:26  Gateway  
  16  1:27  Pylon  
  15  1:49  Pylon  
  15  1:54  Probe  
  16  2:08  Photon Cannon  
  16  2:11  Photon Cannon  
  16  2:12  Photon Cannon  
  16  2:14  Photon Cannon  
  16  2:25  Photon Cannon  
  16  2:35  Photon Cannon  
  16  2:43  Photon Cannon  
  16  2:51  Photon Cannon  
  16  3:05  Photon Cannon  
  15  3:07  Photon Cannon  
  15  3:16  Probe  
  15  3:23  Cybernetics Core  
  16  3:31  Photon Cannon  
  16  3:32  Probe  
  16  3:38  Assimilator  
Show
View Real Time Build Order
Export as new Build Order

cloudy Protoss 

Build Orders:  

Get SALT Encoding   

  12  0:01  Probe  
  13  0:13  Probe  
  14  0:20  Pylon  
  14  0:25  Probe  
  15  0:35  Probe  
  15  0:39  Gateway  
  16  0:43  Probe  
  16  0:49  Assimilator  
  17  0:52  Probe  
  18  1:00  Assimilator  
  18  1:04  Probe  
  19  1:17  Probe, Zealot  
  19  1:29  Cybernetics Core  
  21  1:37  Probe  
  22  1:45  Pylon  
  22  1:57  Stalker  
  22  2:04  Probe  
  25  2:10  Shield Battery  
  24  2:17  Shield Battery  
  24  2:28  Stalker, Shield Battery  
  26  2:32  Shield Battery  
  24  2:37  Probe  
  25  2:47  Pylon  
  24  3:17  Robotics Facility  
  17  3:38  Shield Battery  
  17  3:40  Shield Battery  
Tags
 
Add a new tag
Caveats
  • Supply blocks, unpowered buildings, or Contaminate may cause inaccurate times.
  • Supply counts are checked every 10 seconds.